 Dungeon Crawl Stone Soup version 0.28.0 (webtiles) character file.

Game seed: 9140104848972614817

176 themarg the Vexing (level 5, -2/41 HPs)
             Began as a Gnoll Wanderer on Feb 7, 2022.
             Was an Initiate of Hepliaklqana.
             Slain by a gnoll (3 damage)
             ... on level 4 of the Dungeon.
             The game lasted 00:17:47 (4226 turns).

themarg the Vexing (Gnoll Wanderer)                 Turns: 4226, Time: 00:17:47

Health: -2/41      AC: 10    Str: 14    XL:     5   Next: 56%
Magic:  9/9        EV: 11    Int: 10    God:    Hepliaklqana [......]
Gold:   182        SH:  0    Dex: 12    Spells: 8/10 levels left

rFire   . . .      SeeInvis .   k - +2 short sword (protect)
rCold   . . .      Faith    .   (no shield)
rNeg    . . .      Spirit   .   e - +0 leather armour
rPois   .          Reflect  .   (no helmet)
rElec   .          Harm     .   (no cloak)
rCorr   .          Rampage  .   (no gloves)
Will    .....                   (no boots)
Stlth   +.........              (no amulet)
HPRegen 0.13/turn               (no ring)
MPRegen 0.11/turn               (no ring)

@: under a protective aura
A: fangs 1, strong nose, distributed training
a: Renounce Religion


You were on level 4 of the Dungeon.
You worshipped Hepliaklqana.
Hepliaklqana was noncommittal.
You visited 2 branches of the dungeon, and saw 5 of its levels.

You collected 182 gold pieces.

Inventory:

Hand Weapons
 a - a +0 hand crossbow
 d - a +0 dagger
 k - a +2 short sword of protection (weapon)
Missiles
 b - 43 bolts
 c - 15 poisoned darts (quivered)
 w - 3 curare-tipped darts
Armour
 e - a +0 leather armour (worn)
 f - an orb of light
 h - a +0 ring mail
Jewellery
 p - a +6 ring of strength
Wands
 l - a wand of mindburst (9)
Scrolls
 i - 2 scrolls of fog
 m - a scroll of identify {unknown}
 n - a scroll of silence {unknown}
 o - 3 scrolls of summoning {unknown}
 r - a scroll of teleportation {unknown}
 s - 2 scrolls of brand weapon {unknown}
 t - a scroll of noise {unknown}
 u - a scroll of enchant weapon {unknown}
 x - 2 scrolls of enchant armour {unknown}
Potions
 g - a potion of brilliance {unknown}
 j - a potion of lignification {unknown}
 q - 2 potions of might {unknown}
 v - a potion of cancellation {unknown}


   Skills:
 + Level 3.0 Fighting
 + Level 1.5 Short Blades
 + Level 1.5 Long Blades
 + Level 1.5 Axes
 + Level 1.5 Maces & Flails
 + Level 1.5 Polearms
 + Level 1.5 Staves
 + Level 1.5 Slings
 + Level 1.5 Bows
 + Level 3.0 Crossbows
 + Level 6.7 Throwing
 + Level 1.5 Armour
 + Level 1.5 Dodging
 + Level 1.5 Stealth
 + Level 1.5 Shields
 + Level 1.5 Unarmed Combat
 + Level 3.2 Spellcasting
 + Level 1.2 Conjurations
 + Level 7.2 Hexes
 + Level 1.2 Summonings
 + Level 1.2 Necromancy
 + Level 1.2 Translocations
 + Level 1.2 Transmutations
 + Level 1.2 Fire Magic
 + Level 1.2 Ice Magic
 + Level 1.2 Air Magic
 + Level 1.2 Earth Magic
 + Level 1.2 Poison Magic
 + Level 1.7 Invocations
 + Level 1.5 Evocations


You had 8 spell levels left.
You knew the following spells:

 Your Spells              Type           Power      Damage    Failure   Level
a - Slow                  Hex            64%        N/A       1%          1
b - Magic Dart            Conj           16%        1d3       21%         1

Your spell library contained the following spells:

 Spells                   Type           Power      Damage    Failure   Level
 Confusing Touch          Hex            16%        N/A       5%          3
 Searing Ray              Conj           8%         2d4       30%         2
 Ozocubu's Armour         Ice            4%         N/A       52%         3
 Anguish                  Hex/Necr       5%         N/A       52%         4
 Fulminant Prism          Conj/Hex       5%         3d7       52%         4
 Ozocubu's Refrigeration  Ice            2%         4d5       100%        7


Dungeon Overview and Level Annotations

Branches:
Dungeon (4/15)             Temple (1/1) D:4

Altars:
Ashenzari
Cheibriados
Dithmenos
Elyvilon
Fedhas
Gozag
Hepliaklqana
Kikubaaqudgha
Nemelex Xobeh
Okawaru
Qazlal
Ru
Sif Muna
Trog
Uskayaw
Vehumet
Wu Jian
Xom
Yredelemnul
Zin
The Shining One

Annotations:
D:3 Sigmund


Innate Abilities, Weirdness & Mutations

You have very sharp teeth.
Your uncanny sense of smell can sniff out nearby items.
Your experience applies equally to all skills.


Message History

There is a staircase back to the Dungeon here.
You climb upwards.
Welcome back to the Dungeon!
There is a staircase to the Ecumenical Temple here.
A gnoll comes into view. It is wielding a +0 flail.
A gnoll comes into view. It is wielding a +0 club.
Found a scroll labelled BEHIYG WIKHOIQ.
The gnoll hits you with a +0 flail.
You closely miss the gnoll. The gnoll completely misses you.
You closely miss the gnoll.
The gnoll shouts!
You hear a shout!
The gnoll barely misses you.
You barely miss the gnoll.
A gnoll comes into view. It is wielding a +0 flail.
The gnoll hits you with a +0 flail.
You completely miss the gnoll. The gnoll hits you with a +0 flail!
The gnoll hits you with a +0 flail.
You hit the gnoll.
Your weapon exudes an aura of protection.
The gnoll is moderately wounded.
You hit the gnoll. You bite the gnoll, but do no damage.
The gnoll is almost dead.
The gnoll hits you but does no damage.
You barely miss the gnoll.
The gnoll is almost dead.
The gnoll hits you but does no damage. The gnoll hits you with a +0 flail.
You hit the gnoll.
You kill the gnoll!
The gnoll hits you with a +0 club!
* * * LOW HITPOINT WARNING * * *
You hit the gnoll but do no damage. The gnoll hits you with a +0 club.
* * * LOW HITPOINT WARNING * * *
The gnoll hits you with a +0 flail.
* * * LOW HITPOINT WARNING * * *
You aren't wearing any rings or amulets.
As you read the scroll labelled BORECY GERCHEVUMIWK, it crumbles to dust.
The scroll dissolves into smoke.
It was a scroll of fog.
The gnoll hits you with a +0 club.
* * * LOW HITPOINT WARNING * * *
The gnoll hits you with a +0 flail.
You die...

# #............# #
#.....$......# #
#............# #
#............#
########..##..##..?.
#....###..##..## ##.##
......#........# .##
......#.......§#####..#
......+.......§g@P§PP.#
...##.##..##..##g§§P..#
...##+##..######§§P>P.#
...........# #...PP.#
...........# ##P..P.#
...........# #######
##.####...###
##.####.....#
......#.....#


You could see 2 gnolls.

Vanquished Creatures
  5 gnolls
  4 adders
  An ufetubus (D:4)
  3 worms
  2 dart slugs (D:2)
  An orc (D:4)
  6 endoplasms
  A giant cockroach (D:1)
  5 goblins
  7 hobgoblins
  10 jackals
  4 kobolds
  4 quokkas
  7 ball pythons
  3 bats
  3 frilled lizards
  2 rats
68 creatures vanquished.

Notes
Turn   | Place    | Note
-------+----------+-------------------------------------------
     0 | D:1      | themarg the Gnoll Wanderer began the quest for the Orb.
     0 | D:1      | themarg set off with the following items: a +0 hand
                  | crossbow, 26 bolts, 12 poisoned darts, a +0 dagger, a +0
                  | leather armour; and the following spell memorised: Slow;
                  | and the following spells available to memorise: Confusing
                  | Touch, Anguish
     0 | D:1      | Reached XP level 1. HP: 17/17 MP: 4/4
   170 | D:1      | Learned a level 1 spell: Magic Dart
   328 | D:1      | Found a faded altar of an unknown god.
   475 | D:1      | Reached XP level 2. HP: 23/23 MP: 5/5
  1235 | D:2      | Reached XP level 3. HP: 28/28 MP: 7/7
  1273 | D:2      | Reached skill level 1 in Invocations
  1723 | D:2      | Reached skill level 1 in Short Blades
  1723 | D:2      | Reached skill level 1 in Long Blades
  1723 | D:2      | Reached skill level 1 in Axes
  1723 | D:2      | Reached skill level 1 in Maces & Flails
  1723 | D:2      | Reached skill level 1 in Polearms
  1723 | D:2      | Reached skill level 1 in Staves
  1723 | D:2      | Reached skill level 1 in Slings
  1723 | D:2      | Reached skill level 1 in Bows
  1723 | D:2      | Reached skill level 1 in Armour
  1723 | D:2      | Reached skill level 1 in Dodging
  1723 | D:2      | Reached skill level 1 in Stealth
  1723 | D:2      | Reached skill level 1 in Shields
  1723 | D:2      | Reached skill level 1 in Unarmed Combat
  1723 | D:2      | Reached skill level 1 in Evocations
  1731 | D:2      | Reached XP level 4. HP: 34/34 MP: 8/8
  1781 | D:2      | Reached skill level 1 in Conjurations
  1781 | D:2      | Reached skill level 1 in Summonings
  1781 | D:2      | Reached skill level 1 in Necromancy
  1781 | D:2      | Reached skill level 1 in Translocations
  1781 | D:2      | Reached skill level 1 in Transmutations
  1781 | D:2      | Reached skill level 1 in Fire Magic
  1781 | D:2      | Reached skill level 1 in Ice Magic
  1781 | D:2      | Reached skill level 1 in Air Magic
  1781 | D:2      | Reached skill level 1 in Earth Magic
  1781 | D:2      | Reached skill level 1 in Poison Magic
  2116 | D:2      | Found a radiant altar of Vehumet.
  2327 | D:2      | Reached XP level 5. HP: 40/40 MP: 9/9
  2877 | D:3      | Noticed Sigmund
  3893 | D:4      | Found a staircase to the Ecumenical Temple.
  3902 | Temple   | Entered the Ecumenical Temple
  3916 | Temple   | Became a worshipper of Hepliaklqana the Forgotten
  4226 | D:4      | HP: 1/41 [gnoll (2)]
  4226 | D:4      | Slain by a gnoll

Illustrated notes

Levels and vault maps discovered:
D:1:      roderic_crossed_star, layout_loops_corners,
          dreamdust_ecumenical_altar_statues
D:2:      layout_loops_ring, basic_altar, grunt_decor_resistance, st_stairs_12
D:3:      layout_basic, cheibrodos_sewer_entry_bend, uniq_sigmund
D:4:      layout_gridville, minmay_temple_entry_overgrown,
          gammafunk_ghost_nasty_kobolds
Temple:   mainiacjoe_temple_circle_huts

Skill      XL: |  1  2  3  4  5 |
---------------+----------------+-----
Invocations    | 1 |  1.7
Short Blades   | 1 |  1.5
Long Blades    | 1 |  1.5
Axes           | 1 |  1.5
Maces & Flails | 1 |  1.5
Polearms       | 1 |  1.5
Staves         | 1 |  1.5
Slings         | 1 |  1.5
Bows           | 1 |  1.5
Armour         | 1 |  1.5
Dodging        | 1 |  1.5
Stealth        | 1 |  1.5
Shields        | 1 |  1.5
Unarmed Combat | 1 |  1.5
Evocations     | 1 |  1.5
Spellcasting   | 3 |  3.2
Conjurations   | 1 |  1.2
Summonings     | 1 |  1.2
Necromancy     | 1 |  1.2
Translocations | 1 |  1.2
Transmutations | 1 |  1.2
Fire Magic     | 1 |  1.2
Ice Magic      | 1 |  1.2
Air Magic      | 1 |  1.2
Earth Magic    | 1 |  1.2
Poison Magic   | 1 |  1.2
Fighting       | 3 |  3.0
Crossbows      | 3 |  3.0
Throwing       | |  6.7
Hexes          | |  7.2

Action                   |  1- 3 |  4- 6 || total
-------------------------+-------+-------++-------
Melee: Short sword       |    39 |   139 ||   178
       Bite              |     6 |    17 ||    23
       Punch             |     1 |     2 ||     3
 Fire: Hand crossbow     |    30 |       ||    30
Throw: Dart              |       |     7 ||     7
 Cast: Slow              |     1 |       ||     1
  Use: Scroll            |       |     1 ||     1
 Stab: Sleeping          |     1 |     1 ||     2
Armor: Leather armour    |    11 |    52 ||    63
Dodge: Dodged            |    42 |    73 ||   115
